 Dungeon Crawl Stone Soup version 0.23-a0-554-gd3cbc84 (webtiles) character file.

46 Lavandula the Cutter (level 3, 0/21 HPs)
             Began as a Halfling Enchanter on Dec 10, 2018.
             Succumbed to an adder's poison
             ... on level 2 of the Dungeon.
             The game lasted 00:03:22 (845 turns).

Lavandula the Cutter (Halfling Enchanter)            Turns: 845, Time: 00:03:23

Health: 0/21       AC:  2    Str:  9    XL:     3   Next: 95%
Magic:  1/5        EV: 15    Int: 14    God:
Gold:   64         SH:  0    Dex: 14    Spells: 2/5 levels left

rFire    . . .     SeeInvis .   a - +1 dagger
rCold    . . .     Gourm    .   (shield restricted)
rNeg     . . .     Faith    .   b - +0 robe
rPois    .         Spirit   .   (no helmet)
rElec    .         Reflect  .   (no cloak)
rCorr    .         Harm     .   (no gloves)
MR       .....                  (no boots)
Stlth    ++........             (no amulet)
HPRegen  0.07/turn              (no ring)
MPRegen  0.09/turn              (no ring)

@: lethally poisoned (0 -> -2), flying
A: small, mutation resistance 1
a: no special abilities


You were on level 2 of the Dungeon.
You were hungry.

You visited 1 branch of the dungeon, and saw 3 of its levels.

You collected 64 gold pieces.

Inventory:

Hand Weapons
 a - a +1 dagger (weapon)
Missiles
 g - 24 sling bullets
Armour
 b - a +0 robe (worn)
Scrolls
 c - 3 scrolls of immolation {unknown}
 f - a scroll of random uselessness {unknown}
 h - a scroll of remove curse {unknown}
 i - a scroll of teleportation {unknown}
Comestibles
 d - 2 rations


   Skills:
 + Level 4.2 Short Blades
 - Level 2.1 Dodging
 - Level 3.2 Stealth
 - Level 1.5 Spellcasting
 - Level 2.4 Hexes


You had 2 spell levels left.
You knew the following spells:

 Your Spells              Type           Power        Failure   Level  Hunger
a - Corona                Hex            #......      10%         1    ##.....
b - Ensorcelled Hibernat  Hex/Ice        #.....       22%         2    ###....

Your spell library contained the following spells:

 Spells                   Type           Power        Failure   Level  Hunger
 Confuse                  Hex            #.......     28%         3    ####...
 Tukima's Dance           Hex            #.......     28%         3    ####...
 Dazzling Spray           Conj/Hex       #.....       41%         3    ####...


Dungeon Overview and Level Annotations

Branches:
Dungeon (3/15)

Altars:


Innate Abilities, Weirdness & Mutations

You are small and have problems with some larger weapons.
You are somewhat resistant to further mutation.


Message History

You fly up into the air.
The hobgoblin hits you with a +0 club.
Your magical contamination has completely faded away.
Casting: Ensorcelled Hibernation (safe; 22% risk of failure)
Confirm with . or Enter, or press ? or * to list all spells.
You don't have enough magic to cast that spell.
Unknown command.
You aren't carrying any potions.
Unknown command.
You hit the kobold but do no damage.
You feel sick. The kobold hits you with a +0 dagger.
The hobgoblin hits you with a +0 club.
* * * LOW HITPOINT WARNING * * *
Unknown command.
You hit the kobold.
You kill the kobold!
Unknown command.
Things that are here:
a +0 dagger; a pink potion; a kobold corpse
Found a stone staircase leading down.
There is an open door here.
You die...

###############
#.........g...#
###'###########.#
#.......# #.# #...^.!.#
#.#
#......@#######.########
#.......'g..............
#.......#######.#######.
#.......# #.# #.
#.....?.# #.#######.
#.......# #.........
#.......# #########.
#.......# ........
.....>. ........


You could see a hobgoblin.

Vanquished Creatures
  An adder (D:2)
  An ooze (D:2)
  2 dart slugs (D:2)
  A ball python (D:2)
  3 goblins
  2 hobgoblins (D:1)
  6 jackals (D:1)
  A bat (D:1)
  A frilled lizard (D:1)
  7 kobolds
  A rat (D:1)
26 creatures vanquished.

Notes
Turn   | Place    | Note
-------+----------+-------------------------------------------
     0 | D:1      | Lavandula the Halfling Enchanter began the quest for the
                  | Orb.
     0 | D:1      | Reached XP level 1. HP: 11/11 MP: 3/3
    85 | D:1      | Reached skill level 2 in Short Blades
    88 | D:1      | Reached XP level 2. HP: 8/17 MP: 4/4
   350 | D:1      | Learned a level 2 spell: Ensorcelled Hibernation
   413 | D:1      | Reached skill level 3 in Short Blades
   517 | D:2      | Reached XP level 3. HP: 15/21 MP: 5/5
   833 | D:2      | Reached skill level 4 in Short Blades
   841 | D:2      | HP: 1/21 [hobgoblin/+0 club (6)]
   845 | D:2      | Succumbed to an adder's poison

Vault maps used:
D:1:      sevenhm_arrival_forest_fort_large_2
D:2:      minmay_door_path
D:3:      nicolae_overflow_crystal_walls, first_ration, uniq_grinder

Skill      XL: |  1  2  3 |
---------------+----------+-----
Short Blades   | 2 3 4 |  4.2
Dodging        | |  2.1
Stealth        | |  3.2
Spellcasting   | |  1.5
Hexes          | |  2.4

Action                   || total
-------------------------++-------
Melee: Dagger            ||   104
 Cast: Corona            ||     5
       Ensorcelled Hiber ||     8
  Use: Potion            ||     1
 Stab: Sleeping          ||     7
Armor: Robe              ||    13
Dodge: Dodged            ||    80

Table legend:
 A = Non-vault XP
 B = Vault XP
 C = Vault XP percentage of total XP
 D = Non-vault monster count
 E = Vault monster count
 F = Vault count percentage of total count
                 A         B        C        D         E       F
            +---------+---------+-------+---------+---------+-------
      Total |      62 |       5 |   7.5 |      24 |       2 |   7.7
            +---------+---------+-------+---------+---------+-------
        D:1 |      26 |       0 |   0.0 |      15 |       0 |   0.0
        D:2 |      36 |       5 |  12.2 |       9 |       2 |  18.2
            +---------+---------+-------+---------+---------+-------
